 Dungeon Crawl Stone Soup version 0.16-a0-3976-g683f154 (console) character file.

10133 Fusha the Whirler (level 11, 0/84 HPs)
             Began as a Minotaur Hunter on Feb 11, 2015.
             Was a High Priest of Okawaru.
             Slain by a 11-headed hydra (5 damage)
             ... on level 3 of the Lair of Beasts.
             The game lasted 01:19:41 (13183 turns).

Fusha the Whirler (Minotaur Hunter)                Turns: 13183, Time: 01:19:42

Health: 0/84       AC: 16    Str: 19    XL:     11   Next: 32%
Magic:  5/5        EV:  9    Int: 12    God:    Okawaru [*****.]
Gold:   504        SH:  3    Dex: 12    Spells: 0 memorised, 10 levels left

rFire  + + .     SeeInvis .     a - +5 broad axe {speed, Int+4}
rCold  x x .     Clarity  .     S - +0 chain mail {MR+}
rNeg   . . .     SustAb   .     g - +0 buckler {AC+3}
rPois  .         Gourm    .     (helmet restricted)
rElec  .         Spirit   .     (no cloak)
rCorr  .         Warding  .     l - +0 pair of gloves
rMut   .         Stasis   .     D - +0 pair of boots
MR     +....                    m - amulet of rage
Stlth  ..........               B - ring of fire
                                C - ring of fire

@: somewhat resistant to hostile enchantments, extremely unstealthy
A: retaliatory headbutt, horns 2
a: Heroism, Finesse, Renounce Religion, Evoke Berserk Rage


You were on level 3 of the Lair of Beasts.
You worshipped Okawaru.
Okawaru was extremely pleased with you.
You were hungry.

You visited 3 branches of the dungeon, and saw 13 of its levels.

You collected 504 gold pieces.

Inventory:

Hand weapons
 a - the +5 broad axe of Eternal Harmony (weapon) {speed, Int+4}
   (You found it on level 8 of the Dungeon)

   Attacks with this weapon are significantly faster.
   It affects your intelligence (+4).
 b - a +1 hunting sling
 P - a +0 greatsling
Missiles
 c - 27 sling bullets
 F - a throwing net (quivered)
Armour
 g - a +0 buckler of protection (worn)
 l - a +0 pair of gloves (worn)
 p - a +1 ring mail of poison resistance
 D - a +0 pair of boots (worn)
 S - a +0 chain mail of magic resistance (worn)
Jewellery
 m - an amulet of rage (around neck)
 u - an uncursed ring of flight
 y - a +4 ring of intelligence
 z - an uncursed ring of teleportation
 B - a ring of fire (right hand)
 C - a ring of fire (left hand)
Magical devices
 e - a wand of slowing (5)
 v - a wand of digging (11)
 x - a wand of cold (0)
 G - a wand of fire (0)
Scrolls
 h - a scroll of enchant armour {unknown}
 o - 2 scrolls of random uselessness {unknown}
 q - a scroll of enchant weapon {unknown}
 r - 2 scrolls of noise
 t - 2 scrolls of magic mapping {unknown}
 A - 2 scrolls of teleportation {unknown}
 H - 2 scrolls of amnesia {unknown}
 I - a scroll of fear
 N - 2 scrolls of blinking
 Q - a scroll of torment {unknown}
 R - a scroll of vulnerability {unknown}
 W - 2 scrolls of recharging {unknown}
Potions
 i - a potion of brilliance
 k - a potion of cancellation
 n - 3 potions of heal wounds
 s - 3 potions of restore abilities
 w - 2 potions of poison
 E - a potion of lignification {unknown}
 L - a potion of might
 U - a potion of ambrosia
 X - a potion of mutation {unknown}
 Y - a potion of degeneration {unknown}
Comestibles
 d - 2 fruits
 f - 11 bread rations
 M - 3 beef jerkies


   Skills:
 + Level 4.2 Fighting
 + Level 1.7 Axes
 + Level 16.1(16.2) Slings
 + Level 3.0(10.4) Throwing
 + Level 7.3 Armour
 + Level 5.5 Dodging
 + Level 1.6 Stealth
 + Level 0.5 Shields
 + Level 0.6 Evocations


You had 10 spell levels left.
You didn't know any spells.

Dungeon Overview and Level Annotations

Branches:
Dungeon (9/15)             Temple (1/1) D:4            Lair (3/8) D:9
    Orc (0/4) D:9
  Swamp: Lair:3-6    Shoals: Lair:3-6     Snake: Lair:3-6    Spider: Lair:3-6

Altars:
Ashenzari
Cheibriados
Dithmenos
Fedhas
Gozag
Kikubaaqudgha
Nemelex Xobeh
Okawaru
Qazlal
Ru
Sif Muna
Trog
Vehumet
Xom
Zin
The Shining One

Shops:
D:4 *   D:7 }

Annotations:
D:3 scroll behind tele
D:6 Grinder


Innate Abilities, Weirdness & Mutations

You reflexively headbutt those who attack you in melee.
You have a pair of horns on your head.


Message History

Your chain mail prevents you from hitting the water moccasin.
You headbutt the water moccasin!
The water moccasin is moderately wounded.
You lop one of the ten-headed hydra's heads off!
The nine-headed hydra grows two more!
You hit the 11-headed hydra.
The 11-headed hydra is lightly wounded.
The 11-headed hydra bites you but does no damage.
The 11-headed hydra bites you.
The 11-headed hydra bites you but does no damage. x2
You block the 11-headed hydra's attack. The 11-headed hydra bites you!
* * * LOW HITPOINT WARNING * * *
The 11-headed hydra bites you.
* * * LOW HITPOINT WARNING * * *
The 11-headed hydra bites you but does no damage.
The 11-headed hydra bites you!
* * * LOW HITPOINT WARNING * * *
The 11-headed hydra bites you!
* * * LOW HITPOINT WARNING * * *
The 11-headed hydra bites you.
You die...

#### ## ..###. .....
#... ... ##.. #...
#.S#### #... #@...###
. ##... ##D<..#P#...
##P...###.#.........
#.P.....##..........
#......†............
..#...#...............
................(.....
.........###..........
.........# ##..#..♣♣♣♣


You could see a 11-headed hydra and a water moccasin.

Vanquished Creatures
  A hydra (Lair:2)
  An elephant (Lair:2)
  A black mamba (Lair:2)
  3 spiny frogs
  3 komodo dragons
  A polar bear (Lair:2)
  A two-headed ogre (D:9)
  A mottled dragon (D:9)
  A hungry ghost (D:8)
  Edmund (D:6)
  2 hippogriffs
  Menkaure (D:5)
  5 wolves (Lair:1)
  5 porcupines
  2 orc warriors
  6 water moccasins
  A sky beast (D:8)
  2 necrophages
  2 phantoms (D:5)
  An ice beast (D:6)
  4 ogres
  3 centaurs
  Duvessa (D:5)
  A big kobold (D:7)
  4 crocodiles
  5 giant frogs
  A gnoll sergeant (D:9)
  A scorpion (D:8)
  11 killer bees (D:8)
  A wasp zombie (D:9)
  Dowan (D:5)
  2 crimson imps (D:6)
  6 hounds
  A centaur zombie (D:8)
  A centaur skeleton (D:6)
  3 orc priests
  A gnoll shaman (D:6)
  4 orc wizards
  6 worker ants
  8 iguanas
  5 sheep (Lair:2)
  Ijyb (D:2)
  A mummy (D:9)
  2 worker ant zombies
  29 river rats
  6 gnolls (D:6)
  11 adders
  A shadow imp (D:6)
  2 worms
  3 giant geckos
  An ooze (D:3)
  21 orcs
  15 bats
  A bat skeleton (D:8)
  4 giant cockroaches
  13 hobgoblins
  12 jackals
  10 quokkas
  3 giant newts
  11 goblins
  13 kobolds
  A quokka skeleton (D:7)
  16 rats
  A ballistomycete (D:7)
289 creatures vanquished.

Vanquished Creatures (others)
  A giant spore (D:7)
  A plant (Lair:2)
2 creatures vanquished.

Grand Total: 291 creatures vanquished

Notes
Turn   | Place    | Note
--------------------------------------------------------------
     0 | D:1      | Fusha, the Minotaur Hunter, began the quest for the Orb.
     0 | D:1      | Reached XP level 1. HP: 18/18 MP: 1/1
   286 | D:1      | Reached XP level 2. HP: 25/25 MP: 1/1
   514 | D:1      | Reached skill level 5 in Slings
   839 | D:2      | Reached XP level 3. HP: 21/30 MP: 2/2
  1085 | D:2      | Found a sparkling altar of Nemelex Xobeh.
  1114 | D:2      | Noticed Ijyb
  1133 | D:2      | Killed Ijyb
  1133 | D:2      | Reached XP level 4. HP: 29/37 MP: 2/2
  1480 | D:2      | Reached skill level 6 in Slings
  1826 | D:3      | Reached skill level 1 in Armour
  1841 | D:3      | Reached XP level 5. HP: 19/44 MP: 2/2
  2421 | D:3      | Reached skill level 7 in Slings
  2963 | D:4      | Found Ycsiom's Assorted Antiques.
  3019 | D:4      | Reached XP level 6. HP: 47/50 MP: 3/3
  3612 | D:4      | Found a staircase to the Ecumenical Temple.
  3621 | Temple   | Entered the Ecumenical Temple
  3666 | Temple   | Became a worshipper of Warmaster Okawaru
  3779 | D:5      | Entered Level 5 of the Dungeon
  3788 | D:5      | Noticed Duvessa
  3788 | D:5      | Noticed Dowan
  3814 | D:5      | Killed Duvessa
  3826 | D:5      | Killed Dowan
  3826 | D:5      | Reached skill level 8 in Slings
  3972 | D:5      | Acquired Okawaru's first power
  3972 | D:5      | Reached XP level 7. HP: 55/57 MP: 3/3
  4000 | D:5      | Found a sacrificial altar of Ru.
  4052 | D:5      | Noticed Menkaure
  4085 | D:5      | Killed Menkaure
  4333 | D:5      | Reached skill level 9 in Slings
  4400 | D:5      | Found a stormy altar of Qazlal.
  4795 | D:5      | Found a shadowy altar of Dithmenos.
  5055 | D:6      | Reached XP level 8. HP: 63/63 MP: 3/3
  5224 | D:6      | Reached skill level 10 in Slings
  5412 | D:6      | Found an opulent altar of Gozag.
  5443 | D:6      | Noticed Edmund
  5604 | D:6      | Killed Edmund
  6017 | D:6      | Found a glowing silver altar of Zin.
  6091 | D:6      | Noticed Grinder
  6428 | D:7      | Reached skill level 11 in Slings
  6457 | D:7      | Got a pair of steaming gloves
  6622 | D:7      | Reached skill level 1 in Stealth
  6671 | D:7      | Found Qufa's Gadget Shop.
  7193 | D:8      | Reached XP level 9. HP: 63/70 MP: 4/4
  7242 | D:8      | Reached skill level 12 in Slings
  7262 | D:8      | Reached skill level 1 in Throwing
  7745 | D:8      | Reached skill level 5 in Armour
  7854 | D:8      | Got a brightly glowing broad axe
  8078 | D:8      | Found a radiant altar of Vehumet.
  8126 | D:8      | Received a gift from Okawaru
  8138 | D:8      | Reached skill level 13 in Slings
  8784 | D:9      | Reached skill level 5 in Dodging
  8791 | D:9      | Identified Sif Muna's Collected Works on the Hurtful Mountains (You found it on level 9 of the Dungeon)
  8956 | D:9      | Reached XP level 10. HP: 77/77 MP: 5/5
  9022 | D:9      | Found a shimmering altar of Xom.
  9165 | D:9      | Found a staircase to the Orcish Mines.
  9453 | D:9      | Acquired Okawaru's second power
  9647 | D:9      | Found a staircase to the Lair.
  9683 | D:9      | Reached skill level 14 in Slings
  9701 | Lair:1   | Entered Level 1 of the Lair of Beasts
 10239 | Lair:1   | Received a gift from Okawaru
 10747 | Lair:1   | Reached skill level 15 in Slings
 11551 | Lair:2   | Reached XP level 11. HP: 83/83 MP: 5/5
 11848 | Lair:2   | Noticed a black mamba
 11858 | Lair:2   | Killed a black mamba
 12087 | Lair:2   | Identified the cursed -2 pair of gloves of the Gloaming {rPois- Slay+2 SInv} (You found it on level 7 of the Dungeon)
 12460 | Lair:2   | Identified the +5 broad axe of Eternal Harmony {speed, Int+4} (You found it on level 8 of the Dungeon)
 12549 | Lair:2   | Noticed an elephant
 12561 | Lair:2   | Killed an elephant
 12561 | Lair:2   | Reached skill level 16 in Slings
 12956 | Lair:2   | Noticed a six-headed hydra
 12968 | Lair:2   | Killed a six-headed hydra
 12968 | Lair:2   | Reached skill level 1 in Axes
 13124 | Lair:3   | Noticed an eight-headed hydra
 13183 | Lair:3   | Slain by a 11-headed hydra

Action                   |  1- 3 |  4- 6 |  7- 9 | 10-12 || total
-------------------------+-------+-------+-------+-------++-------
Melee: Short sword       |    49 |    16 |     5 |       ||    70
       Broad axe         |       |       |       |    39 ||    39
 Fire: Hunting sling     |    56 |   279 |   523 |   482 ||  1340
Throw: Javelin           |       |       |    28 |    32 ||    60
       Throwing net      |       |       |     1 |       ||     1
       Tomahawk          |       |       |       |     5 ||     5
Evoke: Wand              |       |     1 |     6 |     9 ||    16
  Use: Scroll            |       |     6 |     8 |     4 ||    18
       Potion            |       |       |     7 |       ||     7
  Eat: Bread ration      |       |     1 |       |       ||     1
       Meat ration       |       |     1 |     2 |     1 ||     4
       Fruit             |       |     1 |       |       ||     1
       Pizza             |       |       |     1 |       ||     1
       Beef jerky        |       |       |     5 |       ||     5
       Royal jelly       |       |       |       |     1 ||     1
